 Dungeon Crawl Stone Soup version 0.26-a0-752-gcff87cac9a (webtiles) character file.

Game seed: 12428773706705678661

277 DerDa the Chiller (level 6, 0/63 HPs)
             Began as a Merfolk Ice Elementalist on Nov 6, 2020.
             Slain by a worm (7 damage)
             ... on level 4 of the Dungeon.
             The game lasted 00:07:22 (3803 turns).

DerDa the Chiller (Merfolk Ice Elementalist)        Turns: 3803, Time: 00:07:23

Health: 0/63       AC: 23    Str:  9    XL:     6   Next: 25%
Magic:  0/12       EV:  2    Int: 16    God:
Gold:   141        SH:  0    Dex: 14    Spells: 6/13 levels left

rFire    + . .     SeeInvis .   r - +0 long sword
rCold    x . .     Faith    +   (no shield)
rNeg     + + +     Spirit   .   (armour currently unavailable)
rPois    +         Reflect  .   (helmet currently unavailable)
rElec    .         Harm     .   (cloak currently unavailable)
rCorr    .         Rampage  .   (gloves currently unavailable)
MR       .....     NoTele   +   (boots currently unavailable)
Stlth    ++........             x - amulet of faith
HPRegen  0.20/turn              p - ring of fire
MPRegen  0.13/turn              (no ring)

@: lethally poisoned (0 -> -5), tree-form, hasted, very quick
A: (change form in water), (swift swim), (stealthy swim)
a: no special abilities


You were on level 4 of the Dungeon.
You were a tree.
You visited 1 branch of the dungeon, and saw 4 of its levels.

You collected 141 gold pieces.

Inventory:

Hand Weapons
 d - a +0 club
 f - a +0 short sword
 r - a +0 long sword (weapon)
Missiles
 b - 36 bolts
 g - 108 stones
 i - 3 boomerangs (quivered)
 m - 59 sling bullets
Armour
 a - a +0 robe
 o - a cursed +0 leather armour (melded)
 y - a +1 pair of gloves (melded)
 D - the +1 leather armour "Hyaq" {Harm rN++, unknown}
   (You found it on level 4 of the Dungeon)

   It greatly protects you from negative energy.
   It increases damage dealt and taken.
Jewellery
 p - a ring of fire (left branch)
 x - an amulet of faith (around neck)
Scrolls
 e - 2 scrolls of amnesia {unknown}
 j - 2 scrolls of enchant armour {unknown}
 k - a scroll of fog {unknown}
 l - 3 scrolls of fear {unknown}
 q - 2 scrolls of teleportation {unknown}
 s - a scroll of blinking {unknown}
 u - 3 scrolls of identify {unknown}
 v - a scroll of remove curse {unknown}
 w - a scroll of random uselessness {unknown}
 B - 2 scrolls of enchant weapon {unknown}
 C - a scroll of magic mapping {unknown}
Potions
 c - 2 potions of lignification
 n - 3 potions of curing
 t - 2 potions of mutation {unknown}
 z - 2 potions of flight {unknown}
 A - a potion of invisibility {unknown}


   Skills:
 + Level 0.8 Fighting
 + Level 3.0 Dodging
 - Level 2.1 Stealth
 * Level 4.2 Spellcasting
 * Level 6.3 Ice Magic


You had 6 spell levels left.
You knew the following spells:

 Your Spells              Type           Power        Failure   Level
a - Freeze                Ice            ###.         1%          1
b - Frozen Ramparts       Ice            ###...       3%          3
c - Ozocubu's Armour      Ice            ###.....     3%          3

Your spell library contained the following spells:

 Spells                   Type           Power        Failure   Level
 Hailstorm                Conj/Ice       ##......     41%         4
 Summon Ice Beast         Ice/Summ       ##......     41%         4


Dungeon Overview and Level Annotations

Branches:
Dungeon (4/15)
 Temple: D:4-7

Altars:
Ru
The Shining One

Annotations:
D:3 1 runed translucent door, Crazy Yiuf


Message History

You barely miss the worker ant.
The worker ant is severely wounded.
You feel sick.
The worker ant bites you but does no damage.
The worker ant bites you.
* * * LOW HITPOINT WARNING * * *
The worm barely misses you.
You riposte.
You completely miss the worm.
Casting: Freeze (safe; 1% risk of failure)
Confirm with . or Enter, or press ? or * to list all spells.
Aiming: Freeze (safe; 1% risk of failure)
Press: ? - help, Shift-Dir - straight line, f/p - worker ant
Aim: a worker ant (severely wounded)
You freeze the worker ant!
You kill the worker ant!
Your Dodging skill increases to level 3!
You feel sick.
You hit the worm.
The worm is moderately wounded.
The worm bites you!
You die...

.##..####.(. #
...#.......
#.##..#.......
#.#........... .
#.....#....... ..
###........?.... ..
.......<)##.# .##
##...##.$##.########...##
... ##♣##.##........... #
##w)#.##...<.#
#.........####
#.#...#..## #..#.....##
.....>##..# g....####....
$...### #.##.# #### ..#
..#


You could see a worm.

Vanquished Creatures
  2 orc priests (D:3)
  A worker ant (D:4)
  Natasha (D:4)
  An iguana (D:3)
  3 gnolls
  6 adders
  A worm (D:2)
  A dart slug (D:1)
  A leopard gecko (D:2)
  5 orcs
  A giant cockroach (D:1)
  4 hobgoblins
  5 jackals (D:3)
  3 quokkas
  5 bats
  7 frilled lizards
  4 goblins
  6 kobolds
  2 rats (D:3)
59 creatures vanquished.

Notes
Turn   | Place    | Note
-------+----------+-------------------------------------------
     0 | D:1      | DerDa the Merfolk Ice Elementalist began the quest for the
                  | Orb.
     0 | D:1      | Reached XP level 1. HP: 13/13 MP: 3/3
   466 | D:1      | Reached XP level 2. HP: 19/19 MP: 3/5
  1093 | D:2      | Reached XP level 3. HP: 24/24 MP: 4/6
  1148 | D:2      | Learned a level 3 spell: Frozen Ramparts
  1152 | D:2      | Learned a level 3 spell: Ozocubu's Armour
  1440 | D:2      | Reached skill level 5 in Ice Magic
  1754 | D:2      | Found a glowing golden altar of the Shining One.
  2353 | D:3      | Found a sacrificial altar of Ru.
  2397 | D:3      | Reached XP level 4. HP: 28/30 MP: 8/8
  2745 | D:3      | Reached XP level 5. HP: 31/35 MP: 5/10
  2800 | D:3      | Found a runed translucent door.
  2801 | D:3      | Noticed Crazy Yiuf
  3554 | D:3      | Reached skill level 6 in Ice Magic
  3730 | D:4      | Noticed Natasha
  3731 | D:4      | Got a dazzling leather armour
  3739 | D:4      | Killed Natasha
  3778 | D:3      | Reached XP level 6. HP: 27/42 MP: 6/12
  3796 | D:4      | HP: 3/63 [worker ant (2)]
  3803 | D:4      | Slain by a worm

Illustrated notes

Levels and vault maps discovered:
D:1:      psy_arrival_terrarium, layout_loops_ring
D:2:      layout_basic, tso_oasis_becter
D:3:      layout_rooms, nicolae_ru_sacrificial_ziggurat, minmay_strange_pillars,
          uniq_crazy_yiuf_cottage
D:4:      layout_rooms, cheibrodos_ashenzari_chains, uniq_natasha, uniq_pikel,
          uniq_grinder

Skill      XL: |  1  2  3  4  5  6 |
---------------+-------------------+-----
Ice Magic      | 5 6 |  6.3
Spellcasting   | 3 4 |  4.2
Dodging        | 3 |  3.0
Fighting       | |  0.8
Stealth        | |  2.1

Action                   |  1- 3 |  4- 6 || total
-------------------------+-------+-------++-------
Melee: Long sword        |     6 |     7 ||    13
       Short sword       |     1 |       ||     1
Throw: Boomerang         |     2 |       ||     2
 Cast: Freeze            |    50 |    52 ||   102
  Use: Potion            |       |     3 ||     3
Armor: Robe              |     1 |       ||     1
       Leather armour    |     3 |     6 ||     9
       Skin              |       |     6 ||     6
Dodge: Dodged            |    19 |    28 ||    47
       Rpst.: Long sword |     2 |    11 ||    13

Table legend: (Time is in decaauts)
 A = Elapsed time spent in this place.
 B = Non-inter-level travel time spent in this place.
 C = Inter-level travel time spent in this place.
 D = Time resting spent in this place.
 E = Time spent auto-exploring this place.
 F = Levels seen in this place.
 G = Mean time per level.
                   A        B        C        D        E       F      G
               +--------+--------+--------+--------+--------+-----+--------+
         Total |   3806 |   3671 |    135 |    559 |   2633 |   4 |  951.5 |
       Dungeon |   3806 |   3671 |    135 |    559 |   2633 |   4 |  951.5 |
               +--------+--------+--------+--------+--------+-----+--------+

Top non-repeatable levels by time:
     D:2: 1662 daAuts
     D:3: 1152 daAuts
     D:1: 920 daAuts
     D:4: 71 daAuts
